 Dungeon Crawl Stone Soup version 0.29.1-15-g9cfb28693d (webtiles) character file.

Game seed: 14810398251481566390

2673 Barneous the Stinger (level 9, -1/69 HPs)
             Began as a Human Wanderer on Feb 24, 2023.
             Was a Believer of Sif Muna.
             Slain by Duvessa
             ... wielding a +3 vampiric short sword
              (15 damage)
             ... on level 7 of the Dungeon on Mar 6, 2023.
             The game lasted 00:32:28 (7247 turns).

Barneous the Stinger (Human Wanderer)               Turns: 7247, Time: 00:32:29

Health: -1/69      AC: 11    Str: 13    XL:     9   Next: 95%
Magic:  5/16       EV: 13    Int: 17    God:    Sif Muna [**....]
Gold:   351        SH:  0    Dex: 15    Spells: 8/18 levels left

rFire   + . .      SeeInvis .   t - +0 rapier (distort)
rCold   x . .      Faith    +   (no shield)
rNeg    . . .      Spirit   .   b - +3 leather armour "Japs" {Dex+3}
rPois   .          Reflect  .   d - +0 helmet
rElec   .          Harm     .   (no cloak)
rCorr   .          Rampage  .   e - +2 pair of gloves
Will    .....                   u - +0 pair of boots
Stlth   +++.......              y - amulet of faith
HPRegen 0.21/turn               f - ring of fire
MPRegen 0.15/turn               o - +4 ring of slaying

@: slowed, very slow
A: no striking features
a: Renounce Religion, Channel Magic


You were on level 7 of the Dungeon.
You worshipped Sif Muna.
Sif Muna was pleased with you.
You visited 2 branches of the dungeon, and saw 8 of its levels.
You also visited: Ossuary.

You collected 351 gold pieces.

Inventory:

Hand Weapons
 a - a +1 quarterstaff of protection
 j - a +2 flail of holy wrath
 s - a +2 short sword of distortion
 t - a +0 rapier of distortion (weapon)
Armour
 b - the +3 leather armour "Japs" (worn) {Dex+3}
   (You found it on level 2 of the Dungeon)

   Dex:       It affects your dexterity (+3).
 d - a +0 helmet (worn)
 e - a +2 pair of gloves (worn)
 p - a +2 robe of willpower
 u - a +0 pair of boots (worn)
Jewellery
 f - a ring of fire (left hand)
 o - a +4 ring of slaying (right hand)
 y - an amulet of faith (around neck)
Wands
 c - a wand of mindburst (16)
 i - a wand of iceblast (10)
 x - a wand of flame (20)
Scrolls
 g - 3 scrolls of brand weapon
 m - 4 scrolls of magic mapping
 q - a scroll of blinking
 r - 2 scrolls of teleportation
Potions
 k - a potion of might
 l - 6 potions of heal wounds
 n - 2 potions of magic
 v - a potion of berserk rage
 w - a potion of cancellation


   Skills:
 + Level 5.7 Fighting
 + Level 5.1 Staves
 + Level 5.1 Dodging
 + Level 5.4 Stealth
 + Level 5.2 Spellcasting
 + Level 6.5 Poison Magic


You had 8 spell levels left.
You knew the following spells:

 Your Spells              Type           Power      Damage    Failure   Level
a - Sting                 Tmut/Pois      60%        1d6       4%          1
b - Poisonous Vapours     Pois/Air       30%        N/A       7%          2
c - Olgreb's Toxic Radia  Pois           26%        N/A       12%         4
d - Ignite Poison         Fire/Tmut/Pois 17%        N/A       22%         3

Your spell library contained the following spells:

 Spells                   Type           Power      Damage    Failure   Level
 Spider Form              Tmut/Pois      15%        N/A       14%         3
 Beastly Appendage        Tmut           8%         N/A       19%         1
 Mephitic Cloud           Conj/Pois/Air  11%        N/A       22%         3
 Wereblood                Tmut           4%         N/A       26%         2
 Freezing Cloud           Conj/Ice/Air   2%         6-21      99%         5


Dungeon Overview and Level Annotations

Branches:
Dungeon (7/15)             Temple (1/1) D:5         Ossuary (visited)

Altars:
Ashenzari
Cheibriados
Dithmenos
Elyvilon
Fedhas
Gozag
Hepliaklqana
Kikubaaqudgha
Makhleb
Nemelex Xobeh
Okawaru
Qazlal
Ru
Sif Muna
Trog
Uskayaw
Vehumet
Wu Jian
Xom
Zin
The Shining One
Lugonu

Shops:
D:1 [   D:3 [

Portals:
Abyss: D:4

Annotations:
D:5 2 transporters, leafyfresh's ghost, weakling OpDe
D:7 5 runed translucent doors, Duvessa
Temple 2 transporters


Message History

Dowan blinks!
Duvessa hits you with a +3 vampiric short sword.
Duvessa draws strength from your wounds!
Duvessa misses you.
The orc hits you from afar with a +0 trident.
You hit Duvessa but do no damage.
Space warps around Duvessa.
Duvessa is almost dead.
You feel sick. The orc barely misses you. Duvessa barely misses you.
You hit Duvessa.
Duvessa is almost dead.
Duvessa blinks!
You feel sick.
Duvessa looks more healthy.
Dowan looks more healthy.
The orc throws a curare-tipped dart.
The curare-tipped dart closely misses you.
The orc throws a curare-tipped dart.
The curare-tipped dart hits you.
You are more poisoned.
You have difficulty breathing.
You feel as though you will be slow longer.
Dowan hits you with a +0 dagger.
You feel better.
The orc throws a curare-tipped dart.
The curare-tipped dart barely misses you.
Dowan hits you but does no damage. The orc barely misses you.
You puncture Dowan!
Space warps horribly around Dowan!!
You kill Dowan!
Sif Muna accepts your kill.
Duvessa weeps, and shakes her weapon.
Duvessa goes berserk!
The orc hits you but does no damage.
Duvessa hits you with a +3 vampiric short sword!
* * * LOW HITPOINT WARNING * * *
Duvessa draws strength from your wounds!
The orc throws a curare-tipped dart.
The curare-tipped dart closely misses you.
You hit Duvessa.
Space warps around Duvessa.
Duvessa is almost dead.
Duvessa closely misses you.
Duvessa hits you with a +3 vampiric short sword.
* * * LOW HITPOINT WARNING * * *
Duvessa draws strength from your wounds!
The orc misses you.
Duvessa hits you with a +3 vampiric short sword!
You die...

#######.### ..... #.# #
..... ########.## .. ...
#.........# ... ...
#.........# ...### #.#
#.........# ....##.#
#.........#
#.####).#e#####.........##
#....))o)@................
#.....#########..........#
..... #..........# ....
#..........# ...
##.#####...# .. ..#####.#
#...# e ........## #...#
.######..########
#..........


You could see Duvessa (berserk) and an orc.

Vanquished Creatures
  A hornet (D:6)
  Sigmund (D:5)
  A steam dragon (D:7)
  An orc warrior (D:7)
  A black bear (D:7)
  2 phantoms (D:5)
  A kobold brigand (D:6)
  Blork the orc (D:4)
  A gnoll sergeant (D:6)
  5 scorpions
  2 necrophages
  5 wights (D:7)
  Dowan (D:7)
  6 killer bees (D:7)
  A centaur zombie (Ossuary)
  A jelly (D:6)
  3 hounds
  A human zombie (Ossuary)
  4 orc priests
  An iguana (D:5)
  An orc wizard (D:5)
  3 mummies (Ossuary)
  3 gnolls (D:6)
  8 adders
  2 shadow imps (D:6)
  3 worms
  2 dart slugs
  21 orcs
  8 ball pythons
  7 endoplasms
  A giant cockroach (D:1)
  2 gnoll zombies (Ossuary)
  3 hobgoblins
  7 jackals (D:5)
  13 kobolds
  4 quokkas
  8 bats
  5 frilled lizards
  12 goblins
  A goblin zombie (Ossuary)
  A hobgoblin zombie (Ossuary)
  2 orc zombies (Ossuary)
  6 rats
163 creatures vanquished.

Vanquished Creatures (others)
  An orc wizard (D:7)
  An orc (D:7)
  8 plants (D:3)
10 creatures vanquished.

Grand Total: 173 creatures vanquished

Notes
Turn   | Place    | Note
-------+----------+-------------------------------------------
     0 | D:1      | Barneous the Human Wanderer began the quest for the Orb.
     0 | D:1      | Barneous set off with the following items: a +1
                  | quarterstaff, a potion of lignification, a +0 leather
                  | armour; and the following spell memorised: Sting; and the
                  | following spells available to memorise: Poisonous Vapours,
                  | Olgreb's Toxic Radiance.
     0 | D:1      | Reached XP level 1. HP: 16/16 MP: 3/3
   147 | D:1      | Found Xergh's Armour Shop.
   296 | D:1      | Reached XP level 2. HP: 16/22 MP: 1/5
   869 | D:1      | Reached XP level 3. HP: 27/27 MP: 3/6
   897 | D:1      | Learned a level 2 spell: Poisonous Vapours
   986 | D:2      | Reached skill level 1 in Stealth
  1154 | D:2      | Identified the +3 leather armour "Japs" {Dex+3}
  1169 | D:2      | Found a snail-covered altar of Cheibriados.
  1365 | D:2      | Reached XP level 4. HP: 34/34 MP: 5/7
  1910 | D:3      | Found Hythaige's Antique Armour Emporium.
  2001 | D:3      | Reached XP level 5. HP: 10/40 MP: 7/9
  2382 | D:3      | Found a radiant altar of Vehumet.
  2556 | D:3      | Found a faded altar of an unknown god.
  3134 | D:4      | Reached XP level 6. HP: 45/47 MP: 7/10
  3284 | D:4      | Found a large runed translucent door.
  3284 | D:4      | Found a large runed translucent door.
  3406 | D:4      | Found a sand-covered staircase.
  3414 | Ossuary  | Entered an ossuary
  3606 | Ossuary  | Reached XP level 7. HP: 46/52 MP: 11/11
  4000 | D:4      | Found a corrupted altar of Lugonu.
  4159 | D:4      | Noticed Blork the orc
  4172 | D:4      | Killed Blork the orc
  4413 | D:4      | Found a sparkling altar of Nemelex Xobeh.
  4430 | D:4      | Found a shimmering altar of Xom.
  4433 | D:4      | Found an ornate altar of the Wu Jian Council.
  4436 | D:4      | Found a shadowy altar of Dithmenos.
  4600 | D:4      | Found a one-way gate to the infinite horrors of the Abyss.
  4921 | D:5      | Entered Level 5 of the Dungeon
  4937 | D:5      | Reached skill level 5 in Poison Magic
  5147 | D:5      | Found a staircase to the Ecumenical Temple.
  5175 | Temple   | Entered the Ecumenical Temple
  5175 | Temple   | Found a transporter.
  5175 | Temple   | Found a transporter.
  5177 | Temple   | Found a transporter.
  5177 | Temple   | Found a transporter.
  5197 | Temple   | Became a worshipper of Sif Muna the Loreminder
  5274 | D:5      | Found a transporter.
  5279 | D:5      | Found a transporter.
  5280 | D:5      | Noticed leafyfresh's ghost (weakling OpDe)
  5390 | D:5      | Noticed Sigmund
  5410 | D:5      | Killed Sigmund
  5411 | D:5      | Reached XP level 8. HP: 22/60 MP: 13/13
  6002 | D:6      | Noticed a hornet
  6047 | D:6      | Killed a hornet
  6068 | D:6      | Reached XP level 9. HP: 40/67 MP: 9/15
  6303 | D:6      | Reached * piety under Sif Muna
  6318 | D:6      | Reached skill level 5 in Fighting
  6318 | D:6      | Reached skill level 6 in Poison Magic
  6604 | D:6      | Learned a level 4 spell: Olgreb's Toxic Radiance
  6608 | D:6      | Learned a level 3 spell: Ignite Poison
  6683 | D:7      | Found the +9 staff of Olgreb {rPois∞}
  6722 | D:7      | Found a runed translucent gate.
  6722 | D:7      | Found a runed translucent gate.
  6723 | D:7      | Found a runed translucent door.
  6741 | D:7      | Found a runed translucent gate.
  6755 | D:7      | Found a runed translucent door.
  6769 | D:7      | Reached skill level 5 in Stealth
  6776 | D:7      | Reached ** piety under Sif Muna
  6835 | D:7      | Reached skill level 5 in Spellcasting
  7051 | D:7      | Reached skill level 5 in Dodging
  7226 | D:7      | Noticed Dowan
  7228 | D:7      | Reached skill level 5 in Staves
  7237 | D:7      | Noticed Duvessa
  7246 | D:7      | Killed Dowan
  7247 | D:7      | Slain by Duvessa

Illustrated notes

Levels and vault maps discovered:
D:1:      psy_arrival_basics, layout_basic, serial_shops,
          nicolae_shop_statue_plus, grunt_decor_one_mirror
D:2:      minmay_angry_zag, layout_loops_ring, basic_altar,
          corexii_leaking_fountain
D:3:      layout_basic, mainiacjoe_overflow_cross_hatched,
          hellmonk_ecumenical_altar_leap_of_faith, serial_shops, shop,
          minmay_misc_feat_cross, bh_walls_and_bars
D:4:      due_chaos_kobolds, layout_basic, grunt_temple_overflow_cloverleaf,
          nicolae_ossuary_entry_plus, uniq_blork_the_orc
D:5:      layout_basic, minmay_temple_entry_large_hall, gammafunk_ghost_hive,
          uniq_sigmund
D:6:      layout_rooms
D:7:      layout_basic, minmay_guarded_unrand_staff_of_olgreb, uniq_duvessa
Temple:   hellmonk_temple_divided_pantheon

Skill      XL: |  1  2  3  4  5  6  7  8  9 |
---------------+----------------------------+-----
Stealth        | 1 2 3 4 5 |  5.4
Dodging        | 2 3 4 5 |  5.1
Staves         | 2 3 4 5 |  5.1
Fighting       | 3 4 5 |  5.7
Spellcasting   | 3 4 5 |  5.2
Poison Magic   | 5 6 |  6.5

Action                   |  1- 3 |  4- 6 |  7- 9 || total
-------------------------+-------+-------+-------++-------
Melee: Quarterstaff      |    41 |    79 |       ||   120
       Flail             |       |    45 |    49 ||    94
       Rapier            |       |       |   136 ||   136
       Punch             |       |       |     1 ||     1
 Cast: Sting             |    33 |    10 |    18 ||    61
       Poisonous Vapours |     1 |       |     9 ||    10
       Olgreb's Toxic Ra |       |       |     3 ||     3
       Ignite Poison     |       |       |     2 ||     2
  Use: Scroll            |     4 |     4 |    12 ||    20
       Potion            |     3 |     1 |    10 ||    14
 Stab: Sleeping          |       |     5 |     3 ||     8
Armor: Leather armour    |    19 |    58 |    59 ||   136
Dodge: Dodged            |    25 |    69 |   106 ||   200
